 Dungeon Crawl Stone Soup version 0.29-a0-1009-g60c99734e7 (webtiles) character file.

Game seed: 11500719329292579969

5 flotson the Sneak (level 1, -8/18 HPs)
             Began as a Demonspawn Delver on Aug 9, 2022.
             Mangled by a mummy (10 damage)
             ... in an ossuary.
             The game lasted 00:00:58 (428 turns).

flotson the Sneak (Demonspawn Delver)                Turns: 428, Time: 00:00:59

Health: -8/18      AC:  5    Str: 12    XL:     1   Next: 66%
Magic:  1/1        EV: 10    Int: 11    God:
Gold:   25         SH:  0    Dex: 14    Spells: 0/0 levels left

rFire   . . .      SeeInvis .   h - +0 war axe
rCold   . . .      Faith    .   (no shield)
rNeg    . . .      Spirit   .   i - +0 ring mail
rPois   .          Reflect  .   (no helmet)
rElec   .          Harm     .   (no cloak)
rCorr   .          Rampage  .   (no gloves)
Will    .....                   (no boots)
Stlth   ++........              (no amulet)
HPRegen 0.06/turn               (no ring)
MPRegen 0.07/turn               (no ring)

@: hasted, very quick
A: no striking features
a: no special abilities


You were in an ossuary.
You visited 1 branch of the dungeon, and saw 2 of its levels.
You also visited: Ossuary.

You collected 25 gold pieces.

Inventory:

Hand Weapons
 a - a +0 spear
 h - a +0 war axe (weapon)
Armour
 b - a +0 leather armour
 i - a +0 ring mail (worn)
Wands
 g - a wand of digging (3)
Scrolls
 c - a scroll of fog
 e - a scroll of fear
Potions
 j - a potion of heal wounds {unknown}


   Skills:
 + Level 3.0 Fighting
 - Level 1.7 Polearms
 + Level 0.3 Armour
 + Level 1.9 Dodging
 - Level 4.5 Stealth
 + Level 0.4 Evocations


You couldn't memorise any spells.
You didn't know any spells.
Your spell library was empty.

Dungeon Overview and Level Annotations

Branches:
Dungeon (5/15)            Ossuary (1/1)
 Temple: D:4-7

Altars:


Message History

The orc zombie hits you but does no damage.
The gnoll zombie hits you but does no damage.
You hit the gnoll zombie.
The gnoll zombie is almost destroyed.
You hit the orc zombie. You slash the orc zombie!
You destroy the orc zombie!
You barely miss the mummy. The orc zombie barely misses you.
The gnoll zombie barely misses you. The mummy barely misses you.
Unknown command.
You hit the gnoll zombie.
You destroy the gnoll zombie!
You barely miss the mummy.
You hit the orc zombie but do no damage.
The orc zombie hits you but does no damage.
Unknown command.
You slash the orc zombie!
You destroy the orc zombie!
You barely miss the mummy. The mummy hits you.
Unknown command.
You barely miss the mummy.
The mummy is lightly damaged.
You barely miss the mummy. The mummy hits you!
* * * LOW HITPOINT WARNING * * *
The mummy hits you.
* * * LOW HITPOINT WARNING * * *
Unknown command.
You are too injured to fight recklessly!
You are too injured to fight recklessly!
Unknown command.
Unknown command.
You can't see any enemies this would affect, really read the scroll of fear?
Okay, then.
You barely miss the mummy.
The mummy is lightly damaged.
You slash the mummy! You hit the mummy.
The mummy is severely damaged.
You hit the mummy. The mummy hits you!
Ouch! That really hurt!
You die...

.........
........
......
#....#
#Z...#
#....#
#....#
#..MM#
#...@#
#....#
#....#
#.∩∩.#
######


You could see 2 mummies and a hobgoblin zombie.

Vanquished Creatures
  A goblin (D:4)
  A gnoll zombie (Ossuary)
  A kobold zombie (Ossuary)
  4 orc zombies (Ossuary)
7 creatures vanquished.

Notes
Turn   | Place    | Note
-------+----------+-------------------------------------------
     0 | D:5      | flotson the Demonspawn Delver began the quest for the Orb.
     0 | D:5      | Reached XP level 1. HP: 18/18 MP: 1/1
   294 | D:5      | Noticed a hound
   382 | D:4      | Found a sand-covered staircase.
   402 | Ossuary  | Entered an ossuary
   428 | Ossuary  | Mangled by a mummy

Illustrated notes

Levels and vault maps discovered:
D:4:      layout_gridville, nicolae_ossuary_entry_ruins, ebering_ghost_gozag
D:5:      mumra_celtic_spiral_tile, layout_gridville, minmay_fire_ice_demons
Ossuary:  ossuary_tomb_3

Action                   || total
-------------------------++-------
Melee: War axe           ||    18
  Use: Scroll            ||     1
       Potion            ||     1
Armor: Ring mail         ||     8
Dodge: Dodged            ||    11

Table legend: (Time is in decaauts)
 A = Elapsed time spent in this place.
 B = Non-inter-level travel time spent in this place.
 C = Inter-level travel time spent in this place.
 D = Time resting spent in this place.
 E = Time spent auto-exploring this place.
 F = Levels seen in this place.
 G = Mean time per level.
                   A        B        C        D        E       F      G
               +--------+--------+--------+--------+--------+-----+--------+
         Total |    427 |    344 |     83 |      3 |    259 |   3 |  142.3 |
       Dungeon |    402 |    319 |     83 |      3 |    258 |   2 |  201.0 |
       Ossuary |     25 |     25 |      0 |      0 |      1 |   1 |   25.0 |
               +--------+--------+--------+--------+--------+-----+--------+

Top non-repeatable levels by time:
     D:5: 351 daAuts
     D:4: 51 daAuts
 Ossuary: 25 daAuts
